 Dungeon Crawl Stone Soup version 0.28-a0-1152-g9c71ebef14 (webtiles) character file.

Game seed: 6778393208548030414

4990 spaghetti the Nimble (level 10, -1/92 HPs)
             Began as a Deep Dwarf Delver on Dec 14, 2021.
             Was an Elder of Makhleb.
             Killed from afar by Fannar (29 damage)
             ... with a bolt of cold
             ... on level 10 of the Dungeon.
             The game lasted 00:26:00 (8989 turns).

spaghetti the Nimble (Deep Dwarf Delver)            Turns: 8989, Time: 00:26:00

Health: -1/92      AC:  8    Str: 21    XL:     10   Next: 29%
Magic:  9/9        EV: 14    Int: 14    God:    Makhleb [****..]
Gold:   93         SH:  0    Dex: 14    Spells: 9/9 levels left

rFire   . . .      SeeInvis .   j - +2 dagger (venom) {short}
rCold   . . .      Faith    .   (no shield)
rNeg    . . .      Spirit   .   y - +1 ring mail of Perfidy {rPois Str+2 Stlth+}
rPois   +          Reflect  .   (no helmet)
rElec   .          Harm     .   r - scarf {repulsion}
rCorr   .          Rampage  .   (no gloves)
Will    +....                   (no boots)
Stlth   ++++......              (no amulet)
HPRegen 0.00/turn               (no ring)
MPRegen 0.11/turn               (no ring)

@: studying Dodging, repel missiles
A: damage resistance, heal wounds, sense surroundings 2, no regeneration,
iridescent scales 1, clever 1
a: Heal Wounds, Renounce Religion, Minor Destruction, Lesser Servant of Makhleb,
Major Destruction


You were on level 10 of the Dungeon.
You worshipped Makhleb.
Makhleb was greatly pleased with you.
You visited 2 branches of the dungeon, and saw 12 of its levels.

You collected 390 gold pieces.
You spent 297 gold pieces at shops.


Innate Abilities, Weirdness & Mutations

You are resistant to damage.
You can heal yourself by infusing magical energy.
You passively map the area around you.
You do not regenerate.
You are partially covered in iridescent scales. (AC +2)
Your mind is acute. (Int +2)


   Skills:
 + Level 6.8 Fighting
 + Level 7.8 Long Blades
 + Level 6.1 Throwing
 + Level 3.3 Armour
 + Level 8.5 Dodging
 - Level 7.0 Stealth
 + Level 7.8 Invocations


You had 9 spell levels left.
You didn't know any spells.
Your spell library contained the following spells:

 Spells                   Type           Power      Damage    Failure   Level
 Animate Skeleton         Necr           0%         N/A       43%         1
 Pain                     Necr           0%         1d4       43%         1
 Shock                    Conj/Air       0%         1d3       43%         1
 Passwall                 Tmut/Erth      0%         N/A       56%         2
 Scorch                   Fire           0%         2d5       56%         2
 Conjure Flame            Conj/Fire      0%         6-21      80%         3
 Ignite Poison            Fire/Tmut/Pois 0%         N/A       80%         3
 Stone Arrow              Conj/Erth      0%         3d7       80%         3
 Swiftness                Air            0%         N/A       80%         3
 Vampiric Draining        Necr           0%         2d6       80%         3
 Airstrike                Air            0%         N/A       99%         4
 Animate Armour           Summ/Erth      0%         N/A       99%         4
 Flame Wave               Conj/Fire      0%         2d4       99%         4
 Sticky Flame             Conj/Fire      0%         2d3       99%         4
 Summon Cactus Giant      Summ           0%         N/A       100%        6
 Lehudib's Crystal Spear  Conj/Erth      0%         10d2      100%        8

Inventory:

Hand Weapons
 a - a +0 falchion of freezing {long}
 j - a +2 dagger of venom (weapon) {short}
   (You took it off a goblin on level 4 of the Dungeon)
 p - a +0 short sword {short}
   (You took it off Terence on level 2 of the Dungeon)
Missiles
 b - a throwing net {=f!fthrowing}
 e - 255 stones {throwing}
 f - 12 poisoned darts (quivered) {throwing}
 h - 234 arrows
 l - 91 bolts
 q - 8 sling bullets
 w - 3 boomerangs {throwing}
Armour
 r - a scarf of repulsion (worn)
   (You found it on level 1 of the Dungeon)
 y - the +1 ring mail of Perfidy (worn) {rPois Str+2 Stlth+}
   (You bought it in a shop on level 6 of the Dungeon)

   Str:       It affects your strength (+2).
   rPois:     It protects you from poison.
   Stlth:     It makes you more stealthy.
Wands
 g - a wand of digging (1)
 k - a wand of charming (1)
   (You found it on level 3 of the Dungeon)
 x - a wand of flame (6)
   (You found it on level 7 of the Dungeon)
Scrolls
 d - 2 scrolls of magic mapping {!r}
 i - 4 scrolls of fog
 n - 3 scrolls of teleportation {@r4}
 o - a scroll of fear
 u - a scroll of silence {!r}
 v - 3 scrolls of vulnerability {!r!r}
 A - a scroll of enchant armour
 C - a scroll of torment {!r}
 E - a scroll of immolation {!r!r}
Potions
 c - 3 potions of lignification {!q}
 m - a potion of berserk rage {!q}
 s - a potion of might
 t - a potion of degeneration {!q@e2}
 z - 2 potions of haste {@q3}
 B - a potion of invisibility
 D - a potion of curing {@q1}

Dungeon Overview and Level Annotations

Branches:
Dungeon (11/15)            Temple (1/1) D:5             Orc (0/2) D:11
   Lair: D:8-11

Altars:
Makhleb
Nemelex Xobeh
Trog
Xom
Yredelemnul
The Shining One

Shops:
D:6 [

Annotations:
D:3 1 exclusion
D:5 1 runed translucent door, exclusion: door, spaghetti's ghost, weakling DDDe
D:6 1 exclusion
D:9 1 exclusion
D:10 Fannar; Maurice
D:11 1 exclusion

, ,,,, #†......# #.. *
, .#########....# #.. *
#......# #....# ,,...
*,
##......###....###.....
_,
#......................
##......###....###...##
,+.......# #....# ## *,
#.......###....# ,,, ,,
#...e@.....[..# , ,
#...........###* ,
#...........# ,
#...........# * *
#...........# ,
#...........# #....
#...........# #....*
############# #....*
#....##


You could see Fannar (very poisoned).


Message History

You regained 20 hp, and now have 38/92 hp.
Unknown command.
You hit the steam dragon but do no damage.
The steam dragon bites you. The steam dragon misses you.
You hit the steam dragon but do no damage.
The steam dragon bites you. The steam dragon completely misses you.
Aiming: Minor Destruction (0% risk of failure)
Press: ? - help, Shift-Dir - straight line, f - steam dragon
Aim: a steam dragon (lightly wounded)
The puff of flame hits the steam dragon.
The steam dragon bites you but does no damage.
The steam dragon closely misses you. 😨 HP[-1]
You take 1 damage, and now have 37/92 hp.
You completely miss the steam dragon.
Your +0 falchion of freezing {long} stops glowing.
Your +2 dagger of venom {short} begins to drip with poison!
j - a +2 dagger of venom (weapon)
{short} The steam dragon bites you.
* * * LOW HITPOINT WARNING * * *
The steam dragon claws you. 😨 HP[-2]
You take 2 damage, and now have 35/92 hp.
You hit the steam dragon.
The steam dragon is poisoned.
The steam dragon barely misses you. The steam dragon claws you.
You hit the steam dragon but do no damage.
The steam dragon looks as sick as possible!
The steam dragon breathes steam at you. The ball of steam hits you!!
* * * LOW HITPOINT WARNING * * *
😱 HP[-15]
You take 15 damage, and now have 20/92 hp.
Unknown command.
Unknown command.
Unknown command.
You hit the steam dragon.
The steam dragon looks as sick as possible!
You hit the steam dragon but do no damage.
The steam dragon looks as sick as possible!
You are engulfed in a cloud of scalding steam.
* * * LOW HITPOINT WARNING * * *
The steam dragon bites you.
* * * LOW HITPOINT WARNING * * *
The steam dragon misses you. 😱 HP[-6]
You take 6 damage, and now have 14/92 hp.
Unknown command.
Unknown command.
Unknown command.
You hit the steam dragon but do no damage.
The steam dragon looks as sick as possible!
The steam dragon bites you. The steam dragon claws you.
* * * LOW HITPOINT WARNING * * *
😱 HP[-1]
You take 1 damage, and now have 13/92 hp.
You hit the steam dragon. The steam dragon bites you.
The steam dragon barely misses you.
You closely miss the steam dragon.
An electric eel comes into view.
Unknown command.
Unknown command.
Unknown command.
Unknown command.
You hit the steam dragon.
You kill the steam dragon!
Makhleb accepts your kill.
You feel better. 😱 HP[+2]
You regained 2 hp, and now have 15/92 hp.
Unknown command.
You see here a steam dragon corpse.
You start waiting.
Done waiting.
Unknown command.
Unknown command.
You feel much better. 😨 HP[+20]
You regained 20 hp, and now have 35/92 hp.
m - a potion of berserk rage {!q} You see here a +0 ring mail.
Fannar the Cold-Hearted comes into view.
They are wielding a +0 quarterstaff of freezing and wearing a +1 robe of cold resistance.
Unknown command.
Unknown command.
Fannar shouts!
You barely miss Fannar. Fannar closely misses you.
You hit Fannar.
Fannar is poisoned.
Fannar hits you with a +0 quarterstaff of freezing!
* * * LOW HITPOINT WARNING * * *
Fannar freezes you.
* * * LOW HITPOINT WARNING * * *
😨 HP[-7]
You take 7 damage, and now have 28/92 hp.
Unknown command.
Unknown command.
You closely miss Fannar. You closely miss Fannar. Fannar closely misses you.
You completely miss Fannar.
Fannar points at you and mumbles some strange words.
The bolt of cold hits you!!
You die...

Skill      XL: |  1  2  3  4  5  6  7  8  9 10 |
---------------+-------------------------------+-----
Long Blades    | 3 4 5 6 7 |  7.8
Stealth        | 7 |  7.0
Fighting       | 3 4 5 6 |  6.8
Throwing       | 1 2 3 4 5 6 |  6.1
Invocations    | 1 3 5 7 |  7.8
Dodging        | 5 7 8 |  8.5
Armour         | 2 3 |  3.3

Action                   |  1- 3 |  4- 6 |  7- 9 | 10-12 || total
-------------------------+-------+-------+-------+-------++-------
Melee: Falchion          |    42 |   109 |    24 |    34 ||   209
       Dagger            |       |    31 |   543 |    13 ||   587
Throw: Stone             |       |     7 |       |       ||     7
       Dart              |       |       |    42 |       ||    42
Invok: Minor Destruction |       |       |    20 |     9 ||    29
 Abil: Heal Wounds       |     4 |     6 |     6 |     4 ||    20
Evoke: Wand              |     1 |       |    17 |    10 ||    28
  Use: Scroll            |     5 |     3 |     7 |     1 ||    16
       Potion            |       |     5 |    18 |       ||    23
 Stab: Sleeping          |     2 |     2 |    19 |     1 ||    24
       Distracted        |       |     1 |     1 |       ||     2
Armor: Leather armour    |     6 |    33 |    24 |       ||    63
       Skin              |       |    16 |    32 |       ||    48
       Scale mail        |       |       |   165 |       ||   165
       Ring mail         |       |       |    17 |    26 ||    43
Dodge: Dodged            |    34 |    99 |   319 |    70 ||   522
       Repelled          |       |       |     1 |       ||     1

Levels and vault maps discovered:
D:1:      elethiomel_arrival_maze, layout_basic, minmay_misc_feat_enclosed,
          minmay_small_reverse_x
D:2:      layout_basic, shapermc_ecumenical_altar_venn, uniq_natasha,
          uniq_terence, uniq_sigmund
D:3:      layout_basic
D:4:      layout_cave_pools, serial_co_window_serial, co_window_corner_a,
          co_window_paths_b, co_window_paths_a, co_window_corner_a,
          co_window_corner_a, co_window_corner_b, co_window_broadway_b,
          co_window_2corner, co_window_cross_2, co_window_corner_ca,
          co_window_broadway_c, co_window_paths_d, glass_columns_a,
          glass_columns_a, glass_columns_c
D:5:      layout_gridville, minmay_temple_entry_slanted,
          ebering_ghost_reflecting_pool, uniq_menkaure
D:6:      layout_loops_corners, serial_shops, nicolae_shop_stone,
          serial_aquarium, aquarium_bridge_island_small
          [aquarium_subvault_small_water, aquarium_subvault_bridge,
          aquarium_subvault_balcony, aquarium_subvault_bridge,
          aquarium_subvault_bridge], aquarium_bridge_straight
          [aquarium_subvault_bridge, aquarium_subvault_wall,
          aquarium_subvault_bridge, aquarium_subvault_window],
          aquarium_window_2, aquarium_window_1, aquarium_window_fake,
          aquarium_view_2a, aquarium_pool_corner, grunt_ministairs_1
D:7:      layout_loops_ring, minmay_fractal_squares_5
D:8:      layout_layer_cave, okawaru_gym_becter,
          nicolae_overflow_hallway_of_the_gods, hangedman_decor_lopped,
          uniq_joseph
D:9:      lemuel_troll_bridge, layout_basic, billiards_dpeg
D:10:     layout_basic, grunt_temple_overflow_gold_and_silver,
          grunt_temple_overflow_growth_and_decay, erik_lair_orcish_takeover,
          uniq_fannar, uniq_maurice
D:11:     layout_roguey, minmay_orc_entry_temple_small,
          minmay_misc_feat_more_columns
Temple:   dpeg_three_leaves_temple

Notes
Turn   | Place    | Note
-------+----------+-------------------------------------------
     0 | D:5      | spaghetti the Deep Dwarf Delver began the quest for the
                  | Orb.
     0 | D:5      | Reached XP level 1. HP: 20/20 MP: 1/1
     0 | D:5      | magus.rc [v1.9.6]
    53 | D:5      | Found a staircase to the Ecumenical Temple.
    61 | Temple   | Entered the Ecumenical Temple
    97 | Temple   | Became a worshipper of Makhleb the Destroyer
   122 | D:4      | Noticed an orc wizard
   122 | D:4      | Noticed an orc priest
   123 | D:4      | Noticed an orc wizard
   130 | D:5      | Found a runed translucent door.
   167 | D:5      | Noticed a hound
   181 | D:5      | Killed a hound
   182 | D:5      | Reached XP level 2. HP: 12/27 MP: 2/2
   182 | D:5      | Reached XP level 3. HP: 14/33 MP: 3/3
   235 | D:5      | Noticed an orc warrior
   271 | D:5      | Reached skill level 3 in Long Blades
   271 | D:5      | Reached skill level 7 in Stealth
   510 | D:6      | Noticed a necrophage
   510 | D:6      | Noticed a kobold brigand
   558 | D:6      | Noticed a centaur
   559 | D:6      | HP: 7/33 [centaur/arrow (7)]
   559 | D:6      | HP: 2/33 [necrophage (5)]
   582 | D:6      | Found Hozeomeh's Antique Armour Emporium.
   674 | D:6      | Reached XP level 4. HP: 13/40 MP: 4/4
   822 | D:6      | Noticed a centaur warrior zombie
   827 | D:6      | You pick up a book of Armaments and begin reading...
   827 | D:6      | You add the spells Stone Arrow, Animate Armour and
                  | Lehudib's Crystal Spear to your library.
   870 | D:7      | Noticed a centaur
   882 | D:7      | You pick up a book of Armaments and begin reading...
   912 | D:7      | Noticed a bullfrog
   912 | D:7      | Noticed a centaur
   956 | D:6      | Killed a centaur
   957 | D:6      | Reached skill level 3 in Fighting
   957 | D:6      | Reached skill level 4 in Long Blades
   957 | D:6      | Reached skill level 1 in Throwing
   957 | D:6      | Reached XP level 5. HP: 18/49 MP: 5/5
  1067 | D:6      | Killed a necrophage
  1203 | D:6      | Reached skill level 2 in Throwing
  1203 | D:6      | Reached XP level 6. HP: 49/57 MP: 5/5
  1413 | D:5      | HP: 12/54 [orc (6)]
  1470 | D:4      | You add the spells Conjure Flame, Ignite Poison and Sticky
                  | Flame to your library.
  1720 | D:5      | HP: 13/81 [orc warrior (9)]
  1735 | D:5      | Killed an orc warrior
  1736 | D:5      | Reached skill level 4 in Fighting
  1736 | D:5      | Reached skill level 5 in Long Blades
  1736 | D:5      | Reached skill level 1 in Invocations
  1889 | D:5      | You pick up a book of Air and begin reading...
  1889 | D:5      | You add the spells Shock, Swiftness and Airstrike to your
                  | library.
  1976 | D:5      | Noticed spaghetti's ghost (weakling DDDe)
  2030 | D:5      | Reached XP level 7. HP: 43/64 MP: 3/5
  2058 | D:5      | Noticed Menkaure
  2201 | D:5      | Killed Menkaure
  2202 | D:5      | Reached skill level 3 in Throwing
  2202 | D:5      | Reached skill level 2 in Invocations
  2482 | D:5      | Reached * piety under Makhleb
  2483 | D:5      | Reached skill level 3 in Invocations
  2768 | D:4      | HP: 16/66 [orc wizard/magic dart (8)]
  2801 | D:4      | You pick up a book of Burglary and begin reading...
  2991 | D:3      | HP: 12/66 [worm (6)]
  3320 | D:2      | Noticed Terence
  3326 | D:2      | HP: 13/66 [Terence (6)]
  3335 | D:2      | HP: 18/99 [Terence (2)]
  3342 | D:2      | Killed Terence
  4206 | D:1      | Reached ** piety under Makhleb
  4585 | D:2      | Reached XP level 8. HP: 31/73 MP: 6/6
  4596 | D:2      | Noticed Natasha
  4614 | D:2      | Killed Natasha
  4674 | D:2      | Noticed Sigmund
  4691 | D:2      | Killed Sigmund
  4692 | D:2      | Reached skill level 4 in Throwing
  4692 | D:2      | Reached skill level 3 in Dodging
  4692 | D:2      | Reached skill level 4 in Invocations
  4819 | D:2      | Noticed Natasha
  4821 | D:2      | Reached skill level 5 in Fighting
  4835 | D:2      | Killed Natasha
  4850 | D:2      | You pick up a book of Scorching and begin reading...
  4850 | D:2      | You add the spells Scorch, Flame Wave and Summon Cactus
                  | Giant to your library.
  4963 | D:2      | Found a faded altar of an unknown god.
  5214 | D:3      | Reached skill level 6 in Long Blades
  5338 | D:3      | HP: 18/74 [orc priest/divine providence (11)]
  5361 | D:3      | HP: 11/74 [orc priest/divine providence (8)]
  5940 | D:4      | Reached skill level 4 in Dodging
  6274 | D:6      | Reached skill level 5 in Invocations
  6422 | D:6      | Reached skill level 5 in Dodging
  6615 | D:6      | Reached *** piety under Makhleb
  6615 | D:6      | HP: 18/75 [gnoll (7)]
  6616 | D:6      | Gained mutation: You passively map the area around you.
                  | [Deep Dwarf growth]
  6616 | D:6      | Reached XP level 9. HP: 20/81 MP: 9/9
  6625 | D:6      | HP: 15/81 [gnoll (8)]
  6912 | D:7      | Paralysed by a hornet for 2 turns
  6914 | D:7      | HP: 20/82 [hornet (4)]
  6923 | D:7      | Reached skill level 5 in Throwing
  6923 | D:7      | Reached skill level 6 in Invocations
  6975 | D:7      | Reached skill level 6 in Dodging
  7007 | D:7      | Reached skill level 6 in Fighting
  7042 | D:7      | Gained mutation: Your mind is acute. (Int +2) [potion of
                  | mutation]
  7042 | D:7      | Gained mutation: You are partially covered in iridescent
                  | scales. (AC +2) [potion of mutation]
  7129 | D:7      | Reached skill level 7 in Long Blades
  7220 | D:6      | Bought a jet-encrusted ring mail for 297 gold pieces
  7220 | D:6      | Identified the +1 ring mail of Perfidy {rPois Str+2 Stlth+}
                  | (You bought it in a shop on level 6 of the Dungeon)
  7297 | D:7      | HP: 16/81 [gnoll sergeant (8)]
  7327 | D:7      | HP: 11/81 [gnoll sergeant (5)]
  7332 | D:7      | HP: 13/81 [poisoned by a gnoll sergeant]
  7485 | D:7      | HP: 11/82 [bounced beam (4)]
  7496 | D:7      | Reached skill level 7 in Dodging
  7516 | D:7      | Reached skill level 1 in Armour
  8061 | D:9      | Noticed a cyclops
  8108 | D:9      | Reached skill level 7 in Invocations
  8199 | D:10     | Entered Level 10 of the Dungeon
  8206 | D:10     | Reached **** piety under Makhleb
  8209 | D:10     | HP: 15/85 [gnoll sergeant (7)]
  8249 | D:10     | Noticed Maurice
  8260 | D:11     | Noticed a two-headed ogre
  8271 | D:11     | HP: 14/85 [two-headed ogre (9)]
  8272 | D:11     | HP: 3/85 [two-headed ogre (11)]
  8273 | D:11     | Killed a two-headed ogre
  8274 | D:11     | Reached skill level 2 in Armour
  8274 | D:11     | Reached XP level 10. HP: 37/92 MP: 10/10
  8337 | D:11     | HP: 15/92 [something (22)]
  8342 | D:11     | HP: 21/92 [something (12)]
  8345 | D:11     | Reached skill level 8 in Dodging
  8575 | D:11     | HP: 23/92 [centaur/arrow (2)]
  8589 | D:11     | Reached skill level 3 in Armour
  8674 | D:11     | You pick up a book of Necromancy and begin reading...
  8674 | D:11     | You add the spells Pain, Animate Skeleton and Vampiric
                  | Draining to your library.
  8706 | D:11     | Reached skill level 6 in Throwing
  8716 | D:11     | HP: 21/92 [vampire mosquito (5)]
  8848 | D:10     | HP: 18/92 [steam dragon (3)]
  8856 | D:10     | HP: 20/92 [steam dragon/ball of steam (15)]
  8980 | D:10     | Noticed Fannar
  8989 | D:10     | Killed from afar by Fannar

Vanquished Creatures
  A two-headed ogre (D:11)
  2 centaur zombies
  A hornet (D:7)
  A shadow (D:11)
  Sigmund (D:2)
  2 steam dragons
  2 vampire mosquitoes (D:11)
  Menkaure (D:5)
  A water moccasin (D:7)
  2 necrophages
  2 orc warriors
  7 centaurs
  A kobold brigand (D:6)
  A gnoll sergeant (D:7)
  4 bullfrogs
  3 scorpions
  2 water moccasin skeletons
  3 wights
  3 jellies
  5 orc priests
  4 hounds
  2 iguanas
  Natasha (twice) (D:2)
  Terence (D:2)
  4 orc wizards
  A killer bee zombie (D:7)
  A hound skeleton (D:5)
  8 gnolls
  6 adders
  A shadow imp (D:5)
  2 worms (D:3)
  A dart slug (D:5)
  26 orcs
  2 ball pythons
  7 bats
  5 endoplasms
  6 giant cockroaches
  9 hobgoblins
  2 jackals (D:5)
  10 kobolds
  5 quokkas
  5 frilled lizards
  6 goblins
  A quokka skeleton (D:4)
  7 rats
169 creatures vanquished.

Vanquished Creatures (collateral kills)
  A vampire mosquito (D:11)
  A centaur (D:11)
  5 gnolls
  An orc (D:11)
8 creatures vanquished.

Vanquished Creatures (others)
  2 vampire mosquitoes (D:11)
  A centaur (D:11)
  A wight (D:6)
  An orc (D:9)
  8 fungi (D:6)
13 creatures vanquished.

Grand Total: 190 creatures vanquished

Table legend:
 A = Non-vault XP
 B = Vault XP
 C = Vault XP percentage of total XP
 D = Non-vault monster count
 E = Vault monster count
 F = Vault count percentage of total count
                 A         B        C        D         E       F
            +---------+---------+-------+---------+---------+-------
      Total |    6240 |     889 |  12.5 |     158 |      22 |  12.2
            +---------+---------+-------+---------+---------+-------
        D:1 |      21 |       7 |  25.0 |      12 |       4 |  25.0
        D:2 |     102 |     280 |  73.3 |      26 |       3 |  10.3
        D:3 |     264 |       0 |   0.0 |      29 |       0 |   0.0
        D:4 |     234 |       0 |   0.0 |      15 |       0 |   0.0
        D:5 |     497 |     165 |  24.9 |      16 |       1 |   5.9
        D:6 |    1333 |      53 |   3.8 |      21 |       5 |  19.2
        D:7 |    1183 |     214 |  15.3 |      17 |       5 |  22.7
        D:9 |     279 |     167 |  37.4 |       6 |       3 |  33.3
       D:10 |     241 |       0 |   0.0 |       5 |       0 |   0.0
       D:11 |    2086 |       3 |   0.1 |      11 |       1 |   8.3
            +---------+---------+-------+---------+---------+-------

Illustrated notes

Table legend:
 A = Kills in this place as a percentage of kills in entire the game.
 B = Kills by you in this place as a percentage of kills by you in the entire game.
 C = Kills by friends in this place as a percentage of kills by friends in the entire game.
 D = Other kills in this place as a percentage of other kills in the entire game.
 E = Experience gained in this place as a percentage of experience gained in the entire game.
 F = Experience gained in this place divided by the number of levels of this place that you have seen.
                   A       B       C       D       E      F
               +-------+-------+-------+-------+-------+----------------------
         Total | 100.0 | 100.0 | 100.0 | 100.0 | 100.0 | 594.1
       Dungeon | 100.0 | 100.0 | 100.0 | 100.0 | 100.0 | 648.1
               +-------+-------+-------+-------+-------+----------------------

Table legend: (Time is in decaauts)
 A = Elapsed time spent in this place.
 B = Non-inter-level travel time spent in this place.
 C = Inter-level travel time spent in this place.
 D = Time resting spent in this place.
 E = Time spent auto-exploring this place.
 F = Levels seen in this place.
 G = Mean time per level.
                   A        B        C        D        E       F      G
               +--------+--------+--------+--------+--------+-----+--------+
         Total |   8894 |   8532 |    362 |   2081 |   4404 |  12 |  741.2 |
       Dungeon |   8848 |   8496 |    352 |   2081 |   4380 |  11 |  804.4 |
        Temple |     46 |     36 |     10 |      0 |     24 |   1 |   46.0 |
               +--------+--------+--------+--------+--------+-----+--------+

Top non-repeatable levels by time:
     D:5: 1674 daAuts
     D:6: 1497 daAuts
     D:2: 1133 daAuts
     D:7: 922 daAuts
     D:4: 922 daAuts
     D:3: 805 daAuts
     D:1: 676 daAuts
    D:11: 599 daAuts
     D:9: 415 daAuts
    D:10: 190 daAuts
  Temple: 46 daAuts
     D:8: 9 daAuts
